 Dungeon Crawl Stone Soup version 0.30.0-29-ga12c61a403 (webtiles) character file.

Game seed: 988061413709571133

37 wingedge the Chiller (level 3, -18/26 HPs)
             Began as a Human Ice Elementalist on June 11, 2023.
             Was an Initiate of Ashenzari.
             Demolished by an ogre
             ... wielding a +0 giant club
              (27 damage)
             ... on level 2 of the Dungeon.
             The game lasted 00:04:41 (1471 turns).

wingedge the Chiller (Human Ice Elementalist)       Turns: 1471, Time: 00:04:42

Health: -18/26     AC:  2    Str:  8    XL:     3   Next: 62%
Magic:  1/6        EV: 12    Int: 17    God:    Ashenzari [......]
Gold:   9          SH:  0    Dex: 13    Spells: 2/6 levels left

rFire   . . .        a - +4 whip "Chained Sophism" {Elem, Bglg} (curse)
rCold   . . .        (no shield)
rNeg    . . .        d - +0 robe
rPois   .            (no helmet)
rElec   .            (no cloak)
rCorr   .            (no gloves)
SInv    .            (no boots)
Will    .....        (no amulet)
Stlth   ++           (no ring)
HPRegen 0.24/turn    (no ring)
MPRegen 0.10/turn

%: no passive effects
@: freezing walls
A: no striking features
a: Renounce Religion, Curse Item, Shatter the Chains


You were on level 2 of the Dungeon.
You worshipped Ashenzari.
Ashenzari was noncommittal.
You visited 1 branch of the dungeon, and saw 2 of its levels.

You collected 74 gold pieces.
You spent 65 gold pieces at shops.

Inventory:

Hand Weapons
 a - the cursed +4 whip "Chained Sophism" (weapon) {Elem, Bglg}
   (You took it off a kobold on level 1 of the Dungeon)

   It has a curse which improves the following skills: Elements: Fire Magic, Ice
   Magic, Air Magic and Earth Magic.
   Beguiling: Conjurations, Hexes and Translocations.
 e - a +0 spear
Missiles
 f - 4 javelins (quivered)
Armour
 d - a +0 robe (worn)
Scrolls
 i - a scroll of noise {unknown}
 k - a scroll of blinking {unknown}
Potions
 b - a potion of magic
 c - a potion of might {unknown}
 g - a potion of invisibility
 h - a potion of mutation
 j - a potion of cancellation {unknown}
 l - a potion of heal wounds


   Skills:
 + Level 1.1 Fighting
 - Level 2.0 Dodging
 - Level 2.0 Stealth
 - Level 2.0 Spellcasting
 + Level 4.9(5.3) Ice Magic


You had 2 spell levels left.
You knew the following spells:

 Your Spells              Type           Power      Damage    Failure   Level
a - Freeze                Ice            76%        1d8       2%          1
b - Frozen Ramparts       Ice            38%        1d6       6%          3

Your spell library contained the following spells:

 Spells                   Type           Power      Damage    Failure   Level
 Ozocubu's Armour         Ice            19%        N/A       6%          3
 Summon Ice Beast         Ice/Summ       10%        N/A       54%         4


Dungeon Overview and Level Annotations

Branches:
Dungeon (2/15)

Altars:
Ashenzari

Shops:
D:1 [   D:2 *


Message History

Anything else - Cancel.
You shout for attention!
Ashenzari invites you to partake of a vision and a curse of evocations and ranged combat.
You hit the giant cockroach.
The giant cockroach is severely wounded.
The giant cockroach barely misses you.
You whack the giant cockroach!
You kill the giant cockroach!
Casting: Freeze (safe; 2% risk of failure)
Confirm with . or Enter, or press ? or * to list all spells.
The spell is quite dangerous to miscast (6% risk of failure)!
Continue anyway?
Casting: Frozen Ramparts (quite dangerous; 6% risk of failure)
Press: ? - help, Dir - look around, f - activate The walls around you are covered in ice.
The wall freezes the ogre.
Throw: 5 javelins
Press: ? - help, Q - select action, (/) - cycle Shift-Dir - straight line, f - ogre
Aim: an ogre, wielding a +0 giant club (moderately wounded, 72% to hit)
You throw a javelin. The javelin barely misses the ogre.
The wall freezes the ogre. x2
The ogre hits you with a +0 giant club!!
Ouch! That really hurt!
Casting: Frozen Ramparts (quite dangerous; 6% risk of failure)
Confirm with . or Enter, or press ? or * to list all spells.
Aiming: Freeze (safe; 2% risk of failure)
Press: ? - help, Shift-Dir - straight line, f/p - ogre
Aim: an ogre, wielding a +0 giant club (heavily wounded)
You freeze the ogre.
The ogre is heavily wounded.
Casting: Freeze (safe; 2% risk of failure)
Confirm with . or Enter, or press ? or * to list all spells.
Aiming: Freeze (safe; 2% risk of failure)
Press: ? - help, Shift-Dir - straight line, f/p - ogre
Aim: an ogre, wielding a +0 giant club (heavily wounded)
You freeze the ogre.
The ogre is severely wounded.
The wall freezes the ogre but does no damage.
The ogre hits you with a +0 giant club!!
Ouch! That really hurt!
You die...

#...# ##..#
#..###+####
###..#......#
#...........#
#.#.##......#
...#.###...####
#.# #.#
###....#### #.
#. ####..@.# #
#. ####O# #.
#.# #.
#......O.
.......##
.).....##
....<...#
#......(.#
#........#


You could see an ogre.

Vanquished Creatures
  A worm (D:2)
  2 endoplasms (D:1)
  2 giant cockroaches
  5 goblins
  2 hobgoblins
  3 jackals (D:1)
  A quokka (D:1)
  7 ball pythons (D:1)
  2 bats (D:1)
  3 frilled lizards
  4 kobolds
  5 rats (D:1)
37 creatures vanquished.

Notes
Turn   | Place    | Note
-------+----------+-------------------------------------------
     0 | D:1      | wingedge the Human Ice Elementalist began the quest for the
                  | Orb.
     0 | D:1      | Reached XP level 1. HP: 13/13 MP: 3/3
   254 | D:1      | Reached XP level 2. HP: 8/19 MP: 0/5
   437 | D:1      | Found a faded altar of an unknown god.
   485 | D:1      | Prayed at the altar of an unknown god.
   485 | D:1      | Became a worshipper of Ashenzari the Shackled
   761 | D:1      | Found Xomuut's Armour Emporium.
   768 | D:1      | Reached XP level 3. HP: 18/24 MP: 3/6
  1351 | D:2      | Reached skill level 1 in Fighting
  1418 | D:2      | Learned a level 3 spell: Frozen Ramparts
  1425 | D:2      | Found Xamox's General Store.
  1428 | D:2      | Bought a potion of heal wounds for 65 gold pieces
  1457 | D:2      | Noticed an ogre
  1471 | D:2      | Demolished by an ogre

Illustrated notes

Levels and vault maps discovered:
D:1:      mrwooster_arrival_statue_2, layout_loops_corners,
          hellmonk_ecumenical_altar_pennies_from_heaven, serial_shops,
          nicolae_square_shop
D:2:      layout_basic, basic_altar, serial_shops, shop, minmay_misc_feat_iff

Skill      XL: |  1  2  3 |
---------------+----------+-----
Fighting       | 1 |  1.1
Dodging        | |  2.0
Stealth        | |  2.0
Spellcasting   | |  2.0
Ice Magic      | |  4.9

Action                     || total
---------------------------++-------
  Melee: Whip              ||    42
  Throw: Javelin           ||     1
   Cast: Freeze            ||    36
         Frozen Ramparts   ||     1
 Invoke: Curse Item        ||     1
    Use: Scroll            ||     2
 Armour: Robe              ||     9
  Dodge: Dodged            ||    37
